 Dungeon Sprint DCSS version 0.26-a0-667-g92642533e4 (webtiles) character file.

Game seed: 13448072888461292675

1821 mhtbhm the Martial Artist (level 9, 0/65 HPs)
             Began as a Merfolk Transmuter on Oct 17, 2020.
             Was a Priest of Makhleb.
             Slain by a ten-headed hydra (9 damage)
             ... in the Dungeon (Sprint IX: "|||||||||||||||||||||||||||||").
             The game lasted 00:01:53 (889 turns).

mhtbhm the Martial Artist (Merfolk Transmuter)       Turns: 889, Time: 00:01:53

Health: 0/65       AC: 10    Str: 13    XL:     9   Next: 10%
Magic:  16/21      EV: 16    Int: 16    God:    Makhleb [***...]
Gold:   9          SH:  0    Dex: 14    Spells: 9/24 levels left

rFire    . . .     SeeInvis .     - Unarmed
rCold    . . .     Faith    .   (shield currently unavailable)
rNeg     . . .     Spirit   .   b - +2 ring mail
rPois    .         Reflect  .   (no helmet)
rElec    .         Harm     .   (no cloak)
rCorr    .         Rampage  .   (gloves currently unavailable)
MR       .....     Clarity  +   (no boots) Stlth +.........NoTele +
                                (no amulet)
HPRegen  0.20/turn              k - +2 ring of protection
MPRegen  0.17/turn              l - +3 ring of intelligence

@: blade hands, wereblooded
A: change form in water, swift swim, stealthy swim, clarity, shaggy fur 1
a: End Transformation, Minor Destruction, Lesser Servant of Makhleb, Renounce
Religion


You were in the Dungeon.
You worshipped Makhleb.
Makhleb was most pleased with you.
You had blades for hands.
You visited 1 branch You collected 9 gold pieces.

Inventory:

Armour
 b - a +2 ring mail (worn)
Jewellery
 k - a +2 ring of protection (left scythe-like blade)
 l - a +3 ring of intelligence (right scythe-like blade)
Wands
 j - a wand of acid (9)
Scrolls
 g - 3 scrolls of remove curse
 h - 3 scrolls of blinking
 i - 2 scrolls of amnesia
 p - a scroll of enchant armour
 q - 2 scrolls of fear
 r - 2 scrolls of fog
 s - 2 scrolls of enchant weapon
Potions
 a - a potion of stabbing
 c - 5 potions of curing
 d - 3 potions of heal wounds
 e - 2 potions of haste
 f - 4 potions of magic
 m - a potion of invisibility
 o - a potion of brilliance


   Skills:
 + Level 3.6 Fighting
 + Level 1.3 Armour
 + Level 10.3 Dodging
 + Level 0.9 Stealth
 + Level 14.6 Unarmed Combat
 + Level 8.4 Spellcasting
 + Level 10.0 Transmutations


You had 9 spell levels left.
You knew the following spells:

 Your Spells              Type           Power        Failure   Level
a - Beastly Appendage     Tmut           #####.       11%         1
b - Wereblood             Tmut           #####...     12%         2
c - Spider Form           Tmut/Pois      ###.......   43%         3
d - Blade Hands           Tmut           #####.....   45%         5
e - Ice Form              Ice/Tmut       ###.....     71%         4

Your spell library contained the following spells:

 Spells                   Type           Power        Failure   Level


Dungeon Overview and Level Annotations

Branches:
Dungeon (1/1)

Altars:
Cheibriados
Dithmenos
Elyvilon
Fedhas
Gozag
Hepliaklqana
Kikubaaqudgha
Makhleb
Nemelex Xobeh
Okawaru
Qazlal
Ru
Sif Muna
Trog
Uskayaw
Vehumet
Wu Jian
Xom
Yredelemnul
Zin
The Shining One
Beogh
Jiyva
Lugonu


Innate Abilities, Weirdness & Mutations

You revert to your normal form in water.
You are very nimble and swift while swimming.
You are very stealthy in the water. (Stealth+)
You possess an exceptional clarity of mind.
You are covered in fur. (AC +1)


Message History

The nine-headed hydra completely misses you.
The nine-headed hydra closely misses you.
The nine-headed hydra bites you but does no damage.
The nine-headed hydra completely misses you.
The nine-headed hydra bites you. The nine-headed hydra bites you!
* * * LOW HITPOINT WARNING * * *
The nine-headed hydra bites you.
* * * LOW HITPOINT WARNING * * *
The nine-headed hydra bites you but does no damage.
The nine-headed hydra barely misses you.
Unknown command.
You chop one of the nine-headed hydra's heads off!
The eight-headed hydra grows two more!
You slice the ten-headed hydra!!
The ten-headed hydra is almost dead.
The ten-headed hydra misses you. The ten-headed hydra barely misses you.
The ten-headed hydra bites you but does no damage.
The ten-headed hydra barely misses you. The ten-headed hydra bites you.
* * * LOW HITPOINT WARNING * * *
The ten-headed hydra misses you. The ten-headed hydra bites you!
You die...

▓▓▓▓▓▓▓▓▓▓▓▓▓▓▓▓▓▓▓▓▓▓▓▓
YlYYFSD@............'...
▓▓▓▓▓▓▓▓▓▓▓▓▓▓▓▓▓▓▓▓▓▓▓▓▓▓▓▓▓▓▓▓▓
.................................
▓▓▓▓▓▓▓▓▓▓▓▓▓▓▓▓▓▓▓▓▓▓▓▓▓▓▓▓▓▓▓▓▓
____________________'.....).....'
▓▓▓▓▓▓▓▓▓▓▓▓▓▓▓▓▓▓▓▓▓▓▓▓▓▓▓▓▓▓▓▓▓


You could see a ten-headed hydra, 3 yaks, a water moccasin, a wyvern and a
bullfrog.

Vanquished Creatures
  A two-headed ogre (D)
  An unseen horror (D)
  A water moccasin (D)
  An eye of draining (D)
  An ice beast (D)
  3 ogres (D)
  A big kobold (D)
  A jelly (D)
  An orc priest (D)
  A dart slug (D)
  3 orcs (D)
  A bat skeleton (D)
  A bat zombie (D)
  A jackal (D)
  2 bats (D)
  A frilled lizard (D)
  A quokka skeleton (D)
  A rat (D)
23 creatures vanquished.

Notes
Turn   | Place    | Note
-------+----------+-------------------------------------------
     0 | D        | mhtbhm the Merfolk Transmuter began the quest for the Orb.
     0 | D        | Reached XP level 1. HP: 15/15 MP: 3/3
     8 | D        | Reached skill level 4 in Unarmed Combat
   147 | D        | Noticed a jelly
   147 | D        | Noticed an ice beast
   147 | D        | Noticed an ogre
   149 | D        | Reached XP level 2. HP: 21/21 MP: 3/5
   152 | D        | Killed an ogre
   152 | D        | Reached skill level 5 in Dodging
   152 | D        | Reached skill level 7 in Unarmed Combat
   152 | D        | Reached XP level 3. HP: 13/26 MP: 4/8
   152 | D        | Reached XP level 4. HP: 17/32 MP: 4/9
   156 | D        | Killed an ice beast
   156 | D        | Reached skill level 9 in Unarmed Combat
   156 | D        | Reached skill level 5 in Transmutations
   156 | D        | Reached XP level 5. HP: 20/38 MP: 4/12
   159 | D        | Reached skill level 5 in Spellcasting
   197 | D        | Learned a level 2 spell: Wereblood
   201 | D        | Learned a level 3 spell: Spider Form
   207 | D        | Learned a level 5 spell: Blade Hands
   433 | D        | Found a roughly hewn altar of Beogh.
   433 | D        | Found a snail-covered altar of Cheibriados.
   433 | D        | Found a shadowy altar of Dithmenos.
   433 | D        | Found a white marble altar of Elyvilon.
   433 | D        | Found a blossoming altar of Fedhas.
   433 | D        | Found an opulent altar of Gozag.
   434 | D        | Found a hazy altar of Hepliaklqana.
   435 | D        | Found a viscous altar of Jiyva.
   436 | D        | Found an ancient bone altar of Kikubaaqudgha.
   437 | D        | Found a corrupted altar of Lugonu.
   438 | D        | Found a burning altar of Makhleb.
   439 | D        | Found a sparkling altar of Nemelex Xobeh.
   440 | D        | Found an iron altar of Okawaru.
   441 | D        | Found a stormy altar of Qazlal.
   442 | D        | Found a sacrificial altar of Ru.
   443 | D        | Found a shimmering blue altar of Sif Muna.
   444 | D        | Found a bloodstained altar of Trog.
   445 | D        | Found a hide-covered altar of Uskayaw.
   446 | D        | Found a radiant altar of Vehumet.
   447 | D        | Found an ornate altar of the Wu Jian Council.
   450 | D        | Became a worshipper of Makhleb the Destroyer
   453 | D        | Found a shimmering altar of Xom.
   454 | D        | Found a basalt altar of Yredelemnul.
   455 | D        | Found a glowing silver altar of Zin.
   456 | D        | Found a glowing golden altar of the Shining One.
   504 | D        | Noticed an eye of draining
   504 | D        | Noticed a big kobold
   514 | D        | Killed a big kobold
   514 | D        | Reached skill level 10 in Unarmed Combat
   514 | D        | Reached XP level 6. HP: 25/44 MP: 2/14
   525 | D        | Killed an unseen horror
   525 | D        | Reached * piety under Makhleb
   525 | D        | Reached skill level 12 in Unarmed Combat
   525 | D        | Reached XP level 7. HP: 34/52 MP: 0/17
   530 | D        | Reached skill level 13 in Unarmed Combat
   530 | D        | Reached XP level 8. HP: 46/58 MP: 0/19
   652 | D        | Learned a level 4 spell: Ice Form
   656 | D        | Noticed a two-headed ogre
   657 | D        | Reached ** piety under Makhleb
   667 | D        | Killed a two-headed ogre
   667 | D        | Reached skill level 1 in Armour
   667 | D        | Reached skill level 10 in Dodging
   667 | D        | Reached skill level 14 in Unarmed Combat
   672 | D        | Reached *** piety under Makhleb
   673 | D        | Reached XP level 9. HP: 64/64 MP: 4/21
   874 | D        | Gained mutation: You possess an exceptional clarity of
                  | mind. [potion of mutation]
   874 | D        | Gained mutation: You are covered in fur. (AC +1) [potion of
                  | mutation]
   877 | D        | Noticed a four-headed hydra
   879 | D        | Reached skill level 10 in Transmutations
   889 | D        | Slain by a ten-headed hydra

Illustrated notes

Levels and vault maps discovered:
D:        linesprint [early_d, line_temple, items_1, d_10, items_2, lair_1,
          lair_end, items_3, orc_1, orc_end, items_4, d_15, swamp_1, shoals_1,
          snake_1, spider_1, d_20, vaults_1, items_5, swamp_end, shoals_end,
          snake_end, spider_end, vaults_end, d_27, items_6, zot_1, zot_end,
          crypt_end, forest_end, elf_end, slime_end, tomb_end, abyss_end,
          pan_hell_end]

Skill      XL: |  1  2  3  4  5  6  7  8  9 |
---------------+----------------------------+-----
Dodging        | 3 5 6 7 9 10 | 10.3
Unarmed Combat | 4 7 9 10 12 13 14 | 14.6
Transmutations | 3 4 5 6 8 9 10 | 10.0
Spellcasting   | 3 4 5 7 8 |  8.4
Fighting       | 2 3 |  3.6
Armour         | 1 |  1.3
Stealth        | |  0.9

Action                   |  1- 3 |  4- 6 |  7- 9 || total
-------------------------+-------+-------+-------++-------
Melee: Unarmed           |    14 |    24 |    26 ||    64
       Headbutt          |     3 |       |       ||     3
       Punch             |       |       |     2 ||     2
 Cast: Beastly Appendage |     2 |       |       ||     2
       Wereblood         |       |     1 |     2 ||     3
       Spider Form       |       |     1 |       ||     1
       Blade Hands       |       |       |     3 ||     3
Evoke: Wand              |       |       |     1 ||     1
  Use: Potion            |     1 |     1 |     2 ||     4
Armor: Robe              |     1 |       |       ||     1
       Ring mail         |       |     2 |     9 ||    11
Dodge: Dodged            |     6 |    16 |    25 ||    47

Table legend: (Time is in decaauts)
 A = Elapsed time spent in this place.
 B = Non-inter-level travel time spent in this place.
 C = Inter-level travel time spent in this place.
 D = Time resting spent in this place.
 E = Time spent auto-exploring this place.
 F = Levels seen in this place.
 G = Mean time per level.
                   A        B        C        D        E       F      G
               +--------+--------+--------+--------+--------+-----+--------+
         Total |    882 |    882 |      0 |    513 |    145 |   1 |  882.0 |
       Dungeon |    882 |    882 |      0 |    513 |    145 |   1 |  882.0 |
               +--------+--------+--------+--------+--------+-----+--------+

Top non-repeatable levels by time:
       D: 882 daAuts
